[Event "ROU-chT 1st League 2019"]
[Site "Mamaia"]
[Date "2019.09.24"]
[Round "4.3"]
[White "Rogozenco, Dorian"]
[Black "Carmaciu, Lucian-Catalin"]
[Result "1/2-1/2"]
[ECO "A40"]
[WhiteElo "2491"]
[BlackElo "2375"]
[Annotator "ChessBase"]
[PlyCount "87"]
[EventDate "2019.09.21"]
[EventType "team-tourn"]
[EventCountry "ROU"]
[SourceTitle "playchess.com"]
[Source "ChessBase"]
[SourceQuality "1"]
[TimeControl "40/5400+30:1800+30"]

1. d4 g6 2. c4 Bg7 3. Nf3 c5 4. d5 e5 5. e4 d6 6. Nc3 Ne7 7. h4 h6 8. h5 g5 9. Bd3 O-O 10. Nh2 f5 11. g4 f4 12. f3 Bd7 13. O-O Nc8 14. a3 a5 15. Rf2 Bf6 16. Rb1 Na6 17. b3 Qe8 18. Rfb2 Na7 19. Qe2 Bd8 20. Nf1 Rb8 21. Bd2 Rf7 22. Be1 b6 23. Bf2 Ra8 24. Nd2 Bc7 25. Qf1 Qb8 26. Kh2 Be8 27. Na2 Nc8 28. Ra1 Bd8 29. Nb1 Rfa7 30. Nbc3 Kf8 31. Rab1 Qc7 32. Kg2 Kg8 33. Qc1 Kf8 34. Be2 Kg8 35. Rc2 Kf8 36. b4 axb4 37. axb4 Qe7 38. Nb5 Bxb5 39. cxb5 Nb8 40. bxc5 Rxa2 41. c6 Rxc2 42. Qxc2 Qc7 43. Rb2 Ra1 44. Ra2 1/2-1/2

[Event "ROU-chT 1st League 2019"]
[Site "Mamaia"]
[Date "2019.09.24"]
[Round "4.4"]
[White "Pisu, Robert-Daniel"]
[Black "Manolache, Marius"]
[Result "1-0"]
[ECO "A56"]
[WhiteElo "2244"]
[BlackElo "2548"]
[Annotator "ChessBase"]
[PlyCount "119"]
[EventDate "2019.09.21"]
[EventType "team-tourn"]
[EventCountry "ROU"]
[SourceTitle "playchess.com"]
[Source "ChessBase"]
[SourceQuality "1"]
[TimeControl "40/5400+30:1800+30"]

1. d4 Nf6 2. c4 c5 3. d5 g6 4. Nc3 Bg7 5. e4 d6 6. Nf3 O-O 7. Be2 e6 8. O-O Re8 9. h3 exd5 10. exd5 Ne4 11. Nxe4 Rxe4 12. Bd3 Re8 13. Bg5 Qb6 14. Re1 Bd7 15. Rxe8+ Bxe8 16. Qe2 Nd7 17. Bf4 a5 18. h4 Nf6 19. Rb1 Qc7 20. Re1 Kf8 21. Ng5 Rd8 22. b3 Ra8 23. Qe6 Rd8 24. Qe2 Kg8 25. Ne4 Nxe4 26. Qxe4 Kf8 27. h5 f5 28. Qf3 Bf7 29. Qg3 Rd7 30. hxg6 hxg6 31. Re6 Qd8 32. Rxd6 Kg8 33. Rxd7 Qxd7 34. Be5 Bf8 35. Qh4 Bg7 36. Qg3 Bf8 37. Qh2 Bg7 38. Bxg7 Kxg7 39. Qe5+ Kg8 40. f4 Qd8 41. Be2 a4 42. Bf3 axb3 43. axb3 b5 44. d6 bxc4 45. bxc4 Bxc4 46. Qxc5 Be6 47. Bd5 Qe8 48. Qc6 Qxc6 49. Bxc6 Kf7 50. Kf2 Bb3 51. Ke3 Ke6 52. d7 Ke7 53. Kd4 Bc2 54. Ke5 Bb3 55. Bb5 Ba2 56. g3 Bb3 57. d8=Q+ Kxd8 58. Kf6 Bc2 59. Bc4 g5 60. fxg5 1-0

[Event "ROU-chT 1st League 2019"]
[Site "Mamaia"]
[Date "2019.09.24"]
[Round "4.5"]
[White "Anton, Teodor"]
[Black "Dobrin, Ionut-Alexandru"]
[Result "1-0"]
[ECO "A57"]
[WhiteElo "2445"]
[BlackElo "2089"]
[Annotator "NA"]
[PlyCount "111"]
[EventDate "2019.09.21"]
[EventType "team-tourn"]
[EventCountry "ROU"]
[SourceTitle "playchess.com"]
[Source "ChessBase"]
[SourceQuality "1"]
[TimeControl "40/5400+30:1800+30"]

1. d4 Nf6 2. c4 c5 3. d5 b5 4. cxb5 a6 5. b6 d6 6. Nc3 Nbd7 7. Nf3 g6 8. e4 Bg7 9. a4 a5 10. Bb5 O-O 11. O-O Bb7 12. Re1 Nxb6 13. Bf4 Ne8 14. Qd2 Nc7 15. Bh6 e6 16. Bxg7 Kxg7 17. dxe6 fxe6 18. Rad1 Nc8 19. Ne5 Qh4 20. Nc6 Nxb5 21. axb5 Bxc6 22. bxc6 Ra6 23. c7 Qe7 24. Nb5 Rb6 25. Qxa5 Qd7 26. Na3 Rc6 27. Nc4 Rxc7 28. Re3 Qe7 29. Red3 Rd8 30. Qd2 Rb7 31. h3 Rbd7 32. Ne5 Rc7 33. Ng4 Rf8 34. Qc3+ Kf7 35. Nf6 Qxf6 36. Rf3 Qxf3 37. Qxf3+ Kg8 38. Qc3 Rd7 39. e5 Rf5 40. g4 Rxe5 41. Qxe5 dxe5 42. Rxd7 Nb6 43. Rc7 Nc4 44. Rxc5 Nxb2 45. Rxe5 Kf7 46. Rb5 Nd3 47. Rb7+ Kg8 48. Kg2 g5 49. Kg3 Kh8 50. Re7 e5 51. f3 Kg8 52. h4 gxh4+ 53. Kxh4 Nf4 54. Kg5 Ng6 55. Ra7 Nf4 56. Kf6 1-0

[Event "ROU-chT 1st League 2019"]
[Site "Mamaia"]
[Date "2019.09.24"]
[Round "4.6"]
[White "Craciun, Alexandru-Emilian"]
[Black "Banzea, Alexandru-Bogdan"]
[Result "0-1"]
[ECO "B18"]
[WhiteElo "2077"]
[BlackElo "2401"]
[Annotator "NA"]
[PlyCount "138"]
[EventDate "2019.09.21"]
[EventType "team-tourn"]
[EventCountry "ROU"]
[SourceTitle "playchess.com"]
[Source "ChessBase"]
[SourceQuality "1"]
[TimeControl "40/5400+30:1800+30"]

1. e4 c6 2. d4 d5 3. Nc3 dxe4 4. Nxe4 Bf5 5. Ng3 Bg6 6. h4 h6 7. Nf3 e6 8. h5 Bh7 9. Bd3 Bxd3 10. Qxd3 Nf6 11. Bd2 c5 12. O-O-O Nc6 13. Bc3 Be7 14. dxc5 Qxd3 15. Rxd3 Bxc5 16. Bxf6 gxf6 17. Ne4 Be7 18. Nd6+ Bxd6 19. Rxd6 Rg8 20. g3 Rd8 21. Rxd8+ Kxd8 22. c3 Ke7 23. Kd2 Rd8+ 24. Ke2 Rd5 25. Rh4 f5 26. Nd2 Ne5 27. Ra4 a5 28. b4 axb4 29. Rxb4 Rd7 30. Nb3 Rc7 31. Na5 Rxc3 32. Rxb7+ Kf6 33. Rb2 Ra3 34. Nb3 Nc4 35. Rc2 Nb6 36. Nd2 Nd5 37. Nc4 Rxa2 38. Rxa2 Nc3+ 39. Ke3 Nxa2 40. f4 Nc3 41. Kf3 Nd5 42. Ne5 Kg7 43. g4 fxg4+ 44. Kxg4 Ne7 45. Kh4 f6 46. Nd3 Nc6 47. Kg3 Kf7 48. Nf2 f5 49. Nd3 Ke7 50. Ne1 Kd6 51. Kf3 e5 52. fxe5+ Kxe5 53. Nd3+ Kf6 54. Nc5 Nd4+ 55. Ke3 Ne6 56. Nb7 Ke5 57. Na5 Ng7 58. Nc6+ Kf6 59. Kf3 Nxh5 60. Nd4 Ng7 61. Kg3 Ke5 62. Ne2 Ke4 63. Nc3+ Kd4 64. Ne2+ Ke3 65. Nf4 Ke4 66. Ne2 Ne6 67. Nc3+ Kd4 68. Ne2+ Ke3 69. Ng1 Ng5 0-1

[Event "ROU-chT 1st League 2019"]
[Site "Mamaia"]
[Date "2019.09.24"]
[Round "4.8"]
[White "Gonda, Laszlo"]
[Black "Sivuk, Vitaly"]
[Result "1/2-1/2"]
[ECO "A06"]
[WhiteElo "2541"]
[BlackElo "2559"]
[Annotator "ChessBase"]
[PlyCount "63"]
[EventDate "2019.09.21"]
[EventType "team-tourn"]
[EventCountry "ROU"]
[SourceTitle "playchess.com"]
[Source "ChessBase"]
[SourceQuality "1"]
[TimeControl "40/5400+30:1800+30"]

1. Nf3 d5 2. g3 Bg4 3. Bg2 Nd7 4. c4 e6 5. cxd5 exd5 6. O-O Ngf6 7. d3 c6 8. h3 Bxf3 9. exf3 Be7 10. f4 O-O 11. Nd2 Ne8 12. Nf3 Nd6 13. h4 Re8 14. Bh3 Bf6 15. Qc2 a5 16. a4 Nb8 17. g4 g6 18. f5 gxf5 19. gxf5 Nd7 20. Kh1 Kh8 21. Rg1 Qb6 22. Bf4 Qb4 23. d4 Ne4 24. Be3 Rg8 25. Ng5 Qe7 26. Rae1 Rg7 27. Qd1 Rag8 28. Qh5 Qf8 29. Rg2 c5 30. dxc5 Nexc5 31. Reg1 d4 32. Nxf7+ 1/2-1/2

[Event "ROU-chT 1st League 2019"]
[Site "Mamaia"]
[Date "2019.09.24"]
[Round "4.9"]
[White "Georgescu, Tiberiu-Marian"]
[Black "Grigore, George-Gabriel"]
[Result "1/2-1/2"]
[ECO "D83"]
[WhiteElo "2508"]
[BlackElo "2491"]
[Annotator "ChessBase"]
[PlyCount "39"]
[EventDate "2019.09.21"]
[EventType "team-tourn"]
[EventCountry "ROU"]
[SourceTitle "playchess.com"]
[Source "ChessBase"]
[SourceQuality "1"]
[TimeControl "40/5400+30:1800+30"]

1. d4 d5 2. Bf4 Nf6 3. e3 g6 4. c4 Bg7 5. Nc3 O-O 6. Rc1 dxc4 7. Bxc4 c5 8. dxc5 Qa5 9. Nf3 Qxc5 10. Bb3 Nc6 11. O-O Qa5 12. Qe2 Nh5 13. Bg3 Bg4 14. Rfd1 Nxg3 15. hxg3 Rad8 16. Qc4 Be6 17. Qa4 Qxa4 18. Bxa4 Ne5 19. Nd4 Bc4 20. Bb5 1/2-1/2

[Event "ROU-chT 1st League 2019"]
[Site "Mamaia"]
[Date "2019.09.24"]
[Round "4.10"]
[White "Manea, Alexandru"]
[Black "David, Alexandru-Vasile"]
[Result "1/2-1/2"]
[ECO "E17"]
[WhiteElo "2305"]
[BlackElo "2424"]
[Annotator "NA"]
[PlyCount "73"]
[EventDate "2019.09.21"]
[EventType "team-tourn"]
[EventCountry "ROU"]
[SourceTitle "playchess.com"]
[Source "ChessBase"]
[SourceQuality "1"]
[TimeControl "40/5400+30:1800+30"]

1. d4 Nf6 2. Nf3 e6 3. g3 b6 4. Bg2 Bb7 5. c4 Be7 6. Nc3 Ne4 7. Bd2 O-O 8. O-O d6 9. Qc2 Nxd2 10. Qxd2 Nd7 11. Ne1 Bxg2 12. Nxg2 e5 13. dxe5 Nxe5 14. b3 Qd7 15. f4 Nc6 16. e4 Rfe8 17. Rad1 Bf8 18. Ne3 Nd8 19. Rfe1 Ne6 20. Ned5 c6 21. Ne3 Rad8 22. Qg2 a5 23. Nc2 Qc7 24. Qf3 g6 25. Rd2 Bg7 26. Nd1 Qe7 27. Nf2 Nc5 28. Kg2 Qc7 29. Red1 Rd7 30. Kg1 Rde7 31. Re2 Re6 32. Rde1 Qe7 33. Kf1 Qf6 34. Rd1 Qe7 35. Rde1 Qf6 36. Rd1 Qe7 37. Rde1 1/2-1/2

[Event "ROU-chT 1st League 2019"]
[Site "Mamaia"]
[Date "2019.09.24"]
[Round "4.11"]
[White "Stoleriu, George"]
[Black "Szabo, Attila"]
[Result "1-0"]
[ECO "C90"]
[WhiteElo "2351"]
[BlackElo "2239"]
[Annotator "NA"]
[PlyCount "105"]
[EventDate "2019.09.21"]
[EventType "team-tourn"]
[EventCountry "ROU"]
[SourceTitle "playchess.com"]
[Source "ChessBase"]
[SourceQuality "1"]
[TimeControl "40/5400+30:1800+30"]

1. e4 e5 2. Nf3 Nc6 3. Bb5 a6 4. Ba4 d6 5. c3 Nf6 6. d3 Be7 7. O-O O-O 8. Re1 b5 9. Bb3 Bb7 10. Nbd2 h6 11. Nf1 Nh7 12. Ng3 Ng5 13. Nf5 Nxf3+ 14. Qxf3 Bg5 15. Qg3 Qf6 16. Bxg5 Qxg5 17. Re3 Kh7 18. Qh3 Qf6 19. Rg3 Rg8 20. Rf3 Nd8 21. Nh4 Bc8 22. Rxf6 Bxh3 23. Rxf7 Nxf7 24. Bxf7 Bg4 25. f3 Bd7 26. Bxg8+ Kxg8 27. f4 g5 28. fxg5 hxg5 29. Nf3 g4 30. Nh4 a5 31. Rf1 b4 32. c4 Ba4 33. Rf2 g3 34. hxg3 Bd1 35. Nf5 b3 36. a3 Bc2 37. Rd2 Kf7 38. Ne3 Rb8 39. Kf2 c5 40. g4 Ke6 41. Kg3 Kf6 42. Nf5 Rd8 43. Nh4 Rg8 44. Nf3 Kg6 45. Rf2 Rd8 46. Nh4+ Kg7 47. Nf5+ Kg6 48. Rf3 Rd7 49. Nh4+ Kg7 50. g5 Kh7 51. Kh3 a4 52. g6+ Kg7 53. Rg3 1-0

[Event "ROU-chT 1st League 2019"]
[Site "Mamaia"]
[Date "2019.09.24"]
[Round "4.12"]
[White "Vasiesiu, Victor"]
[Black "Petrisor, Adrian-Marian"]
[Result "1-0"]
[ECO "C15"]
[WhiteElo "2251"]
[BlackElo "2411"]
[Annotator "NA"]
[PlyCount "84"]
[EventDate "2019.09.21"]
[EventType "team-tourn"]
[EventCountry "ROU"]
[SourceTitle "playchess.com"]
[Source "ChessBase"]
[SourceQuality "1"]
[TimeControl "40/5400+30:1800+30"]

1. e4 e6 2. d4 d5 3. Nc3 Bb4 4. exd5 exd5 5. Bd3 Ne7 6. Nf3 Nbc6 7. O-O Bg4 8. h3 Bh5 9. a3 Bd6 10. Re1 Nxd4 11. g4 Nxf3+ 12. Qxf3 Bg6 13. Bxg6 hxg6 14. Nxd5 O-O 15. Bg5 Bh2+ 16. Kxh2 Qxd5 17. Qxd5 Nxd5 18. Rad1 c6 19. c4 Nc7 20. Re7 Ne6 21. Be3 b6 22. Rdd7 a5 23. Rb7 a4 24. Rxb6 c5 25. Rbb7 Ra6 26. Ra7 Ra8 27. Re8+ Rxe8 28. Rxa6 Rb8 29. Bc1 Nd4 30. Rxa4 Nf3+ 31. Kg3 Rb3 32. Kf4 Ne1 33. Ke4 Nd3 34. Be3 Nxb2 35. Ra8+ Kh7 36. Kd5 Nd3 37. Bxc5 Nf4+ 38. Ke4 Nxh3 39. Be3 Rc3 40. c5 f5+ 41. gxf5 gxf5+ 42. Kd4 Rc2 {[%emt 0:01:02] Ke4} 1-0

[Event "ROU-chT 1st League 2019"]
[Site "Mamaia"]
[Date "2019.09.24"]
[Round "4.15"]
[White "Svetushkin, Dmitry"]
[Black "Ionescu, Constantin"]
[Result "1-0"]
[ECO "B43"]
[WhiteElo "2534"]
[BlackElo "2426"]
[Annotator "ChessBase"]
[PlyCount "55"]
[EventDate "2019.09.21"]
[EventType "team-tourn"]
[EventCountry "ROU"]
[SourceTitle "playchess.com"]
[Source "ChessBase"]
[SourceQuality "1"]
[TimeControl "40/5400+30:1800+30"]

1. e4 c5 2. Nf3 e6 3. Nc3 a6 4. d4 cxd4 5. Nxd4 Qc7 6. Bd3 Nf6 7. f4 b5 8. e5 b4 9. Na4 Nd5 10. O-O Bb7 11. Be4 g6 12. c4 bxc3 13. bxc3 Ne7 14. Bxb7 Qxb7 15. Ba3 Nd5 16. Bxf8 Kxf8 17. Qd2 Nc6 18. Kh1 Nce7 19. f5 Nxf5 20. Nxf5 exf5 21. c4 Ne7 22. Nc5 Qc7 23. Nxd7+ Kg7 24. Qc3 Rhd8 25. e6+ Kg8 26. Nf6+ Kf8 27. Nxh7+ Kg8 28. Ng5 1-0

[Event "ROU-chT 1st League 2019"]
[Site "Mamaia"]
[Date "2019.09.24"]
[Round "4.16"]
[White "Cosma, Ioan"]
[Black "Iordachescu, Viorel"]
[Result "0-1"]
[ECO "D93"]
[WhiteElo "2394"]
[BlackElo "2602"]
[Annotator "RC"]
[PlyCount "70"]
[EventDate "2019.09.21"]
[EventType "team-tourn"]
[EventCountry "ROU"]
[SourceTitle "playchess.com"]
[Source "ChessBase"]
[SourceQuality "1"]
[TimeControl "40/5400+30:1800+30"]

1. d4 Nf6 2. Nf3 g6 3. c4 Bg7 4. Nc3 d5 5. Bf4 O-O 6. e3 Be6 7. c5 c6 8. h3 b6 9. b4 a5 10. a3 axb4 11. axb4 Nbd7 12. cxb6 Qxb6 13. Rb1 Ne4 14. Nxe4 dxe4 15. Nd2 Ba2 16. Rb2 e5 17. Bc4 exf4 18. Bxa2 fxe3 19. fxe3 c5 20. Nc4 Qc7 21. bxc5 Qg3+ 22. Rf2 Rxa2 23. O-O Rxf2 24. Rxf2 Nf6 25. Qc2 h5 26. Rf1 h4 27. c6 Rc8 28. Nb6 Qxe3+ 29. Kh2 Rc7 30. Na8 Ra7 31. c7 Rxa8 32. c8=Q+ Rxc8 33. Qxc8+ Kh7 34. Qc7 Qxd4 35. Qxf7 Qe5+ 0-1

[Event "ROU-chT 1st League 2019"]
[Site "Mamaia"]
[Date "2019.09.24"]
[Round "4.17"]
[White "Nevednichy, Vladislav"]
[Black "Itkis, Boris"]
[Result "1/2-1/2"]
[ECO "C11"]
[WhiteElo "2522"]
[BlackElo "2323"]
[Annotator "ChessBase"]
[PlyCount "88"]
[EventDate "2019.09.21"]
[EventType "team-tourn"]
[EventCountry "ROU"]
[SourceTitle "playchess.com"]
[Source "ChessBase"]
[SourceQuality "1"]
[TimeControl "40/5400+30:1800+30"]

1. e4 e6 2. d4 d5 3. Nc3 Nf6 4. Bg5 dxe4 5. Nxe4 Nbd7 6. Nf3 Be7 7. Nxf6+ Bxf6 8. h4 O-O 9. Bd3 c5 10. Qe2 cxd4 11. Qe4 g6 12. O-O-O e5 13. Bxf6 Qxf6 14. Bb5 Rd8 15. Bxd7 Bxd7 16. Qxe5 Qxe5 17. Nxe5 f6 18. Nxd7 Rxd7 19. Rh3 Rad8 20. Rhd3 Kf7 21. c4 b6 22. Kc2 h5 23. b4 Ke6 24. Re1+ Kf7 25. Kb3 Rd6 26. Re2 a6 27. Rc2 Ke6 28. c5 bxc5 29. Rxc5 R8d7 30. Kc4 Rd8 31. a4 Rb8 32. a5 Rbd8 33. f3 f5 34. g3 R8d7 35. f4 Rd8 36. Re5+ Kf6 37. b5 axb5+ 38. Rxb5 Rc8+ 39. Rc5 Rcd8 40. Kb4 Ke6 41. Kc4 Kf6 42. Rb5 Ke6 43. Re5+ Kf6 44. Rb5 Rc8+ {[%emt 0:00:18] Rb6 Ke6+} 1/2-1/2

[Event "ROU-chT 1st League 2019"]
[Site "Mamaia"]
[Date "2019.09.24"]
[Round "4.19"]
[White "Macovei, Andrei"]
[Black "Oltean, Dorel"]
[Result "1/2-1/2"]
[ECO "B56"]
[WhiteElo "2426"]
[BlackElo "2333"]
[Annotator "NA"]
[PlyCount "149"]
[EventDate "2019.09.21"]
[EventType "team-tourn"]
[EventCountry "ROU"]
[SourceTitle "playchess.com"]
[Source "ChessBase"]
[SourceQuality "1"]
[TimeControl "40/5400+30:1800+30"]

1. e4 c5 2. Nf3 d6 3. d4 cxd4 4. Nxd4 Nf6 5. Nc3 Nc6 6. f3 e6 7. Be3 d5 8. Bb5 Bd7 9. exd5 exd5 10. Qd2 Be7 11. O-O-O O-O 12. g4 Bb4 13. Bxc6 bxc6 14. Nb3 Re8 15. Bc5 Qb8 16. a3 Bxc5 17. Nxc5 Qd6 18. Qd4 Re7 19. h4 Rae8 20. Nd3 Qg3 21. Qf4 Qxf4+ 22. Nxf4 Bc8 23. Ng2 Ba6 24. Rhe1 Kf8 25. Rxe7 Rxe7 26. Rd2 Nd7 27. Rf2 Ne5 28. b3 d4 29. Na4 Bb5 30. Nc5 Nd7 31. Nxd7+ Rxd7 32. Nf4 c5 33. Rd2 Ke7 34. g5 g6 35. Rd1 Kd6 36. Re1 Bc6 37. Nd3 Bd5 38. Re8 c4 39. bxc4 Bxc4 40. Ne5 Rc7 41. f4 Bb3 42. Kb2 Bxc2 43. Rd8+ Ke6 44. Rxd4 Bf5 45. Nc4 Ke7 46. Ne3 Be6 47. Ra4 Kd6 48. Ra5 Kc6 49. f5 gxf5 50. Nxf5 Kb6 51. Re5 Rc5 52. Rxc5 Kxc5 53. Ng7 Kd4 54. Ne8 Ke5 55. Kc3 Bf5 56. Nf6 Kf4 57. Kd4 Bb1 58. a4 Kg3 59. Ke5 Kxh4 60. Kf4 a5 61. Nd7 Ba2 62. Nc5 Bd5 63. Ke5 Kxg5 64. Kxd5 Kf4 65. Kd4 h5 66. Nd3+ Kg3 67. Ke3 h4 68. Nf4 h3 69. Nxh3 Kxh3 70. Kf3 Kh2 71. Kf2 f6 72. Kf3 Kg1 73. Kf4 Kf2 74. Kf5 Ke3 75. Kxf6 1/2-1/2

[Event "ROU-chT 1st League 2019"]
[Site "Mamaia"]
[Date "2019.09.24"]
[Round "4.20"]
[White "Florescu, Codrut-Constantin"]
[Black "Schitco, Ivan"]
[Result "1-0"]
[ECO "D61"]
[WhiteElo "2286"]
[BlackElo "2492"]
[Annotator "ChessBase"]
[PlyCount "91"]
[EventDate "2019.09.21"]
[EventType "team-tourn"]
[EventCountry "ROU"]
[SourceTitle "playchess.com"]
[Source "ChessBase"]
[SourceQuality "1"]
[TimeControl "40/5400+30:1800+30"]

1. d4 Nf6 2. Nf3 d5 3. c4 e6 4. Bg5 Nbd7 5. e3 Be7 6. Nc3 O-O 7. Qc2 h6 8. Bh4 c6 9. Rd1 a6 10. a3 b5 11. c5 e5 12. dxe5 Ne8 13. Bg3 Nxc5 14. Nd4 Bd7 15. e4 Nc7 16. Be2 a5 17. exd5 cxd5 18. Ndxb5 Nxb5 19. Bxb5 Bxb5 20. Nxb5 Rb8 21. Nd4 Qb6 22. Nf5 Rfe8 23. Rxd5 Ne6 24. O-O Qxb2 25. Qxb2 Rxb2 26. Rxa5 Bc5 27. a4 Reb8 28. h4 R8b3 29. Rc1 g6 30. Raxc5 gxf5 31. Rc8+ Kg7 32. h5 Rb4 33. R8c4 Rb1 34. Rxb1 Rxc4 35. Ra1 Rc5 36. a5 f4 37. Bh2 Nd4 38. a6 Nb3 39. Rb1 Nd4 40. Ra1 Nb3 41. Rd1 Nd4 42. f3 Ne6 43. Ra1 Rc8 44. a7 Ra8 45. Kf1 Kf8 46. Bg1 1-0

[Event "ROU-chT 1st League 2019"]
[Site "Mamaia"]
[Date "2019.09.24"]
[Round "4.21"]
[White "Vrencian, Lehel"]
[Black "Oltean, Liviu-Ioan"]
[Result "1-0"]
[ECO "B31"]
[WhiteElo "2306"]
[BlackElo "2313"]
[Annotator "NA"]
[PlyCount "77"]
[EventDate "2019.09.21"]
[EventType "team-tourn"]
[EventCountry "ROU"]
[SourceTitle "playchess.com"]
[Source "ChessBase"]
[SourceQuality "1"]
[TimeControl "40/5400+30:1800+30"]

1. e4 c5 2. Nf3 Nc6 3. Bb5 g6 4. O-O Bg7 5. Re1 e5 6. c3 Nge7 7. a3 O-O 8. b4 d6 9. d3 h6 10. Be3 b6 11. Bc4 Kh7 12. Nbd2 f5 13. exf5 Bxf5 14. bxc5 bxc5 15. Qa4 d5 16. Bb5 Qd6 17. Nb3 d4 18. cxd4 exd4 19. Bc1 a6 20. Bxc6 Nxc6 21. Qc4 Ne5 22. Nxe5 Bxe5 23. f4 Bg7 24. Qxc5 Qxc5 25. Nxc5 Rfc8 26. Ne4 Rc2 27. Rb1 Rac8 28. Bb2 g5 29. Nd6 Bxd3 30. Nxc8 Rxc8 31. Rbd1 Rc2 32. Rxd3 Rxb2 33. f5 g4 34. h3 h5 35. hxg4 hxg4 36. Re7 Kh6 37. Re6+ Kh5 38. f6 Bh6 39. f7 1-0

[Event "ROU-chT 1st League 2019"]
[Site "Mamaia"]
[Date "2019.09.24"]
[Round "4.22"]
[White "Talu, Mircea"]
[Black "Dicu, Razvan-Stefan"]
[Result "1-0"]
[ECO "D17"]
[WhiteElo "2288"]
[BlackElo "2291"]
[Annotator "NA"]
[PlyCount "129"]
[EventDate "2019.09.21"]
[EventType "team-tourn"]
[EventCountry "ROU"]
[SourceTitle "playchess.com"]
[Source "ChessBase"]
[SourceQuality "1"]
[TimeControl "40/5400+30:1800+30"]

1. Nf3 Nf6 2. c4 c6 3. d4 d5 4. Nc3 dxc4 5. a4 Bf5 6. Ne5 Nbd7 7. Nxc4 Qc7 8. g3 e5 9. dxe5 Nxe5 10. Bf4 Nfd7 11. Bg2 g5 12. Nxe5 gxf4 13. Nxd7 Bxd7 14. Qd4 Rg8 15. Rd1 Bg7 16. Qe4+ Qe5 17. gxf4 Qxe4 18. Bxe4 f5 19. Bc2 Be6 20. e3 Bxc3+ 21. bxc3 Bd5 22. Rf1 Bc4 23. Bd3 Bxd3 24. Rxd3 Rg2 25. Rh1 Ke7 26. Ke2 Rd8 27. Rxd8 Kxd8 28. Kf1 Rg7 29. Rg1 Rxg1+ 30. Kxg1 a5 31. Kf1 b5 32. Ke2 Kd7 33. axb5 cxb5 34. Kd3 Kc6 35. f3 Kd5 36. e4+ Kc5 37. Kc2 Kc6 38. Kd3 Kc5 39. Ke3 Kc4 40. Kd2 a4 41. Kc2 Kc5 42. Kb2 Kc4 43. exf5 Kd5 44. Ka3 Kc5 45. f6 Kd6 46. f5 Kd7 47. c4 bxc4 48. Kxa4 Ke8 49. Kb4 Kf7 50. Kxc4 Kxf6 51. Kd4 Kxf5 52. Ke3 Ke5 53. f4+ Kf5 54. Kf3 Kf6 55. Ke4 Ke6 56. f5+ Kf6 57. Kf4 Kf7 58. Ke5 Ke7 59. f6+ Kf7 60. Kf5 Kf8 61. Ke6 Ke8 62. f7+ Kf8 63. Kf6 h5 64. Kg6 h4 65. h3 1-0

[Event "ROU-chT 1st League 2019"]
[Site "Mamaia"]
[Date "2019.09.24"]
[Round "4.23"]
[White "Nastase, Robert-Paul"]
[Black "Zubac, Marius"]
[Result "1-0"]
[ECO "B31"]
[WhiteElo "2280"]
[BlackElo "2135"]
[Annotator "NA"]
[PlyCount "101"]
[EventDate "2019.09.21"]
[EventType "team-tourn"]
[EventCountry "ROU"]
[SourceTitle "playchess.com"]
[Source "ChessBase"]
[SourceQuality "1"]
[TimeControl "40/5400+30:1800+30"]

1. e4 c5 2. Nf3 Nc6 3. Bb5 g6 4. Bxc6 dxc6 5. d3 Bg7 6. h3 e5 7. O-O Qe7 8. Nbd2 Be6 9. a3 Rd8 10. Qe2 Nh6 11. Qe3 f6 12. b4 cxb4 13. axb4 b6 14. d4 Nf7 15. c4 Qb7 16. d5 Bd7 17. dxc6 Bxc6 18. b5 Bd7 19. Ba3 Bh6 20. Qe2 Rc8 21. Rfc1 Nd8 22. Rd1 Ne6 23. Qd3 Kf7 24. Nxe5+ fxe5 25. Nf3 Rhd8 26. Nxe5+ Ke8 27. Ng4 Bg7 28. Qd6 Nc5 29. Nf6+ Kf7 30. Nxh7 Be6 31. Qf4+ Kg8 32. Rxd8+ Rxd8 33. Nf6+ Kf7 34. Bxc5 bxc5 35. Nd5+ Ke8 36. Ra6 Bf7 37. Nc7+ Ke7 38. Qg5+ Kd7 39. Rd6+ Kxd6 40. Qxd8+ Ke5 41. Qe7+ Be6 42. Qxg7+ Kxe4 43. Qe7 Kd3 44. Qd6+ Kxc4 45. Qxe6+ Kb4 46. Qc6 Qxc6 47. bxc6 Ka5 48. Nd5 Ka6 49. h4 c4 50. g4 c3 51. h5 1-0

[Event "ROU-chT 1st League 2019"]
[Site "Mamaia"]
[Date "2019.09.24"]
[Round "4.24"]
[White "Horvat, Dan-Sebastian"]
[Black "Ciorica, Mihai-Vlad"]
[Result "0-1"]
[ECO "B20"]
[WhiteElo "2099"]
[BlackElo "1985"]
[Annotator "NA"]
[PlyCount "118"]
[EventDate "2019.09.21"]
[EventType "team-tourn"]
[EventCountry "ROU"]
[SourceTitle "playchess.com"]
[Source "ChessBase"]
[SourceQuality "1"]
[TimeControl "40/5400+30:1800+30"]

1. e4 c5 2. c4 Nc6 3. Nc3 g6 4. g3 Bg7 5. Bg2 e6 6. Nge2 Nge7 7. O-O O-O 8. d3 d6 9. Be3 Nd4 10. Qd2 Rb8 11. Bh6 Nec6 12. Bxg7 Kxg7 13. Nxd4 Nxd4 14. Ne2 e5 15. Nxd4 cxd4 16. f4 f6 17. Rac1 Bd7 18. Qb4 Qb6 19. Qa3 Rfc8 20. b4 a5 21. Rb1 axb4 22. Rxb4 Qc5 23. Qb2 Bc6 24. Bh3 Re8 25. Qd2 Ra8 26. Rfb1 Re7 27. R4b2 Ra3 28. Rb3 Qa5 29. R1b2 Qxd2 30. Rxd2 Ra5 31. f5 Re8 32. g4 Rea8 33. Rbb2 g5 34. Bf1 Ra3 35. Be2 Rc3 36. Bd1 Raa3 37. Bc2 h5 38. h4 hxg4 39. hxg5 fxg5 40. Rh2 Rxd3 41. Bxd3 Rxd3 42. Rh5 Bxe4 43. Rxg5+ Kf6 44. Rxg4 Kxf5 45. Rh4 Rd1+ 46. Kf2 Bc6 47. Rh6 e4 48. Rxd6 Ke5 49. c5 Rh1 50. Rb4 e3+ 51. Ke2 Rh2+ 52. Kd1 Bf3+ 53. Kc1 Rh1+ 54. Kb2 e2 55. Rd8 Bc6 56. Rxb7 Rb1+ 57. Ka3 Rxb7 58. Rf8 Ra7+ 59. Kb2 e1=Q 0-1

[Event "ROU-chT 1st League 2019"]
[Site "Mamaia"]
[Date "2019.09.24"]
[Round "4.25"]
[White "Musat, Adrian"]
[Black "Aczel, Gergely"]
[Result "1-0"]
[ECO "A33"]
[WhiteElo "2378"]
[BlackElo "2530"]
[Annotator "ChessBase"]
[PlyCount "150"]
[EventDate "2019.09.21"]
[EventType "team-tourn"]
[EventCountry "ROU"]
[SourceTitle "playchess.com"]
[Source "ChessBase"]
[SourceQuality "1"]
[TimeControl "40/5400+30:1800+30"]

1. Nf3 c5 2. c4 Nc6 3. d4 cxd4 4. Nxd4 Nf6 5. Nc3 e6 6. a3 Bc5 7. Nb3 Bb6 8. e4 d6 9. Be2 h6 10. O-O O-O 11. Qd3 a5 12. Qg3 Kh8 13. Rd1 a4 14. c5 Ba7 15. Rxd6 Qe7 16. e5 axb3 17. exf6 Qxf6 18. Ne4 Qe5 19. Qxe5 Nxe5 20. Be3 f5 21. Nd2 f4 22. Bxf4 Rxf4 23. Rd8+ Kh7 24. Nxb3 b6 25. Nd4 Bb7 26. Rxa8 Bxa8 27. Nb5 Bb8 28. cxb6 Nd7 29. Nc7 Nxb6 30. Nxe6 Rf6 31. Bd3+ g6 32. Re1 Bd6 33. b4 Nd7 34. Nd4 Ne5 35. Bc2 Nc4 36. Nb5 Bf8 37. Bd3 Nb2 38. Bf1 Bc6 39. Nc3 Bg7 40. Ne4 Rf5 41. Nd6 Rd5 42. Ne4 Rd4 43. f3 Nd3 44. Rb1 Rd8 45. Be2 Nf4 46. Bf1 Ra8 47. g3 Ne6 48. b5 Bd5 49. b6 Rb8 50. Bd3 Bd4+ 51. Kg2 Rxb6 52. Rxb6 Bxb6 53. Nf6+ Kg7 54. Nxd5 Ba5 55. f4 Nc7 56. Ne7 g5 57. Nf5+ Kg6 58. Kf3 gxf4 59. gxf4 Ne6 60. Nd4+ Kf6 61. Nxe6 Kxe6 62. Ke4 Bd2 63. a4 Kd6 64. Be2 Ke6 65. Bg4+ Kd6 66. Kf5 Kd5 67. Bf3+ Kd4 68. h4 Ke3 69. Bd1 Ba5 70. Kg4 Bd8 71. f5 Ke4 72. Bc2+ Ke5 73. Kh5 Kd6 74. Kxh6 Bxh4 75. a5 Kd5 1-0